 Dungeon Crawl Stone Soup version 0.28.0-53-g5a82cb258f (webtiles) character file.

Game seed: 9237489326905841315

2513 acdeimund the Carver (level 9, -1/108 HPs)
             Began as a Merfolk Gladiator on July 29, 2022.
             Was a Believer of Dithmenos.
             Slain by a skeletal warrior
             ... wielding a +0 war axe
              (16 damage)
             ... on level 7 of the Dungeon.
             The game lasted 00:19:11 (7306 turns).

acdeimund the Carver (Merfolk Gladiator)            Turns: 7306, Time: 00:19:11

Health: -1/108     AC:  5    Str: 19    XL:     9   Next: 53%
Magic:  18/18      EV: 23    Int: 11    God:    Dithmenos [**....]
Gold:   354        SH:  0    Dex: 23    Spells: 8/8 levels left

rFire   + . .      SeeInvis .   o - +3 long sword of Wopes {drain, rElec Str-2 Dex+4}
rCold   . . .      Faith    .   (no shield)
rNeg    . . .      Spirit   .   g - +1 leather armour {rF+}
rPois   .          Reflect  .   c - +0 helmet
rElec   +          Harm     .   (no cloak)
rCorr   .          Rampage  .   (no gloves)
Will    .....                   (no boots)
Stlth   ..........              (no amulet)
HPRegen 0.28/turn               v - +4 ring of evasion
MPRegen 0.16/turn               y - ring of the Sun {MP+9 Str+6 Int+4}

@: berserking (expiring), wreathed by umbra, studying Evocations, very quick
A: (nimble swimmer 2), mertail
a: Renounce Religion, Shadow Step


You were on level 7 of the Dungeon.
You worshipped Dithmenos.
Dithmenos was pleased with you.
You visited 1 branch of the dungeon, and saw 7 of its levels.

You collected 354 gold pieces.

Inventory:

Hand Weapons
 a - a +0 long sword of protection
 k - a +0 short sword
 o - the +3 long sword of Wopes (weapon) {drain, rElec Str-2 Dex+4}
   (You found it on level 5 of the Dungeon)

   A truly terrible weapon, it drains the life of any living foe it strikes.
   Str:       It affects your strength (-2).
   Dex:       It affects your dexterity (+4).
   rElec:     It insulates you from electricity.
 E - a +3 long sword
Missiles
 d - a throwing net (quivered)
 l - 10 boomerangs
 A - a curare-tipped dart
Armour
 b - a +0 leather armour
 c - a +0 helmet (worn)
 g - a +1 leather armour of fire resistance (worn)
Jewellery
 v - a +4 ring of evasion (left hand)
 y - the ring of the Sun (right hand) {MP+9 Str+6 Int+4}
   (You found it on level 6 of the Dungeon)

   [ring of magical power]

   Str:       It affects your strength (+6).
   Int:       It affects your intelligence (+4).
   MP:        It affects your magic capacity (+9).
Wands
 z - a wand of charming (9)
 C - a wand of iceblast (13)
Scrolls
 e - a scroll of fear
 u - 2 scrolls of amnesia
 x - a scroll of teleportation
Potions
 f - 2 potions of flight
 h - 2 potions of heal wounds
 i - a potion of ambrosia
 m - 2 potions of haste {unknown}
 n - 3 potions of curing
 p - 3 potions of degeneration {unknown}
 r - a potion of might {unknown}
 s - 2 potions of brilliance {unknown}
 t - a potion of lignification {unknown}
 B - a potion of attraction {unknown}
 D - 2 potions of invisibility {unknown}


   Skills:
 + Level 7.2 Fighting
 * Level 10.3 Long Blades
 - Level 2.0 Throwing
 + Level 9.2 Dodging


You had 8 spell levels left.
You didn't know any spells.
Your spell library contained the following spells:

 Spells                   Type           Power      Damage    Failure   Level
 Static Discharge         Conj/Air       0%         N/A       54%         2
 Lightning Bolt           Conj/Air       0%         1d11      100%        5
 Maxwell's Capacitive Co  Air            0%         ∞         100%        8


Dungeon Overview and Level Annotations

Branches:
Dungeon (7/15)             Temple (0/1) D:5

Altars:
Dithmenos
Elyvilon
Gozag
Makhleb
Nemelex Xobeh
Okawaru
Uskayaw
Wu Jian
Yredelemnul
The Shining One

Annotations:
D:7 3 runed translucent doors, Kazon's ghost, novice GrFi


Innate Abilities, Weirdness & Mutations

((You are very nimble when in or above water. (Stealth+, EV+, Speed+++)))
Your lower body shifts to a powerful aquatic tail in water.


Message History

You hit the skeletal warrior but do no damage.
Your punch misses the skeletal warrior.
The skeletal warrior is lightly damaged.
The skeletal warrior hits you with a +0 war axe!
You closely miss the skeletal warrior.
The skeletal warrior is lightly damaged.
The skeletal warrior barely misses you.
A red film seems to cover your vision as you go berserk!
You feel yourself moving faster!
You feel mighty!
The skeletal warrior closely misses you.
You slash the skeletal warrior!
The skeletal warrior is moderately damaged.
The skeletal warrior completely misses you.
You hit the skeletal warrior but do no damage.
The skeletal warrior is moderately damaged.
You hit the skeletal warrior.
The skeletal warrior is moderately damaged.
The skeletal warrior completely misses you.
You completely miss the skeletal warrior.
The skeletal warrior is moderately damaged.
You hit the skeletal warrior but do no damage.
The skeletal warrior is moderately damaged.
The skeletal warrior hits you with a +0 war axe!!
* * * LOW HITPOINT WARNING * * *
You hit the skeletal warrior but do no damage.
The skeletal warrior is moderately damaged.
You barely miss the skeletal warrior.
The skeletal warrior is moderately damaged.
The skeletal warrior barely misses you.
You are too berserk!
You are too berserk!
You closely miss the skeletal warrior.
The skeletal warrior is moderately damaged.
The skeletal warrior misses you.
You slash the skeletal warrior!
The skeletal warrior is heavily damaged.
You barely miss the skeletal warrior.
The skeletal warrior is heavily damaged.
The skeletal warrior hits you with a +0 war axe!
You die...

#.#..##.....#....,* **,,,,,,,,.
#...###...#...#...#* *****,,,,z
##...........###....#* ***,,.
#..........### *#....### **,.
#......)..## *#.....##### *,.
.........>#########........#####'
........................)........
##........############...........
#..............@z...............
#...>....############...........
#).......# #.........##
#........# ##.......## ##########
##.....## #######


You could see a skeletal warrior.

Vanquished Creatures
  A two-headed ogre (D:6)
  A wyvern (D:7)
  Edmund (D:6)
  An acid dragon (D:6)
  A water moccasin (D:5)
  A black bear (D:7)
  A sky beast (D:5)
  An ogre (D:4)
  A phantom (D:7)
  3 kobold brigands
  A scorpion (D:4)
  6 wights (D:7)
  A bullfrog zombie (D:6)
  A centaur zombie (D:7)
  A jelly (D:6)
  3 orc priests
  A hound (D:6)
  A bullfrog skeleton (D:7)
  2 centaur skeletons
  3 iguanas
  2 killer bee zombies
  2 hound skeletons (D:4)
  3 gnolls
  5 adders
  An ufetubus (D:6)
  4 dart slugs
  17 orcs
  4 ball pythons
  5 endoplasms
  13 goblins
  6 hobgoblins
  4 jackals (D:1)
  3 quokkas
  6 bats
  4 frilled lizards
  13 kobolds
  4 rats
128 creatures vanquished.

Notes
Turn   | Place    | Note
-------+----------+-------------------------------------------
     0 | D:1      | acdeimund the Merfolk Gladiator began the quest for the
                  | Orb.
     0 | D:1      | Reached XP level 1. HP: 16/16 MP: 1/1
   385 | D:1      | Reached XP level 2. HP: 23/23 MP: 2/2
   649 | D:1      | Reached skill level 4 in Long Blades
   649 | D:1      | Reached XP level 3. HP: 17/28 MP: 3/3
  1271 | D:2      | Reached XP level 4. HP: 33/35 MP: 4/4
  1620 | D:2      | Found a glowing golden altar of the Shining One.
  2013 | D:2      | Reached skill level 5 in Dodging
  2442 | D:3      | Found a shadowy altar of Dithmenos.
  2446 | D:3      | Became a worshipper of Dithmenos the Shadowed
  2470 | D:3      | Reached XP level 5. HP: 41/41 MP: 5/5
  2496 | D:3      | Reached skill level 5 in Long Blades
  2826 | D:3      | Found a faded altar of an unknown god.
  2828 | D:3      | Noticed a shining eye
  2830 | D:3      | Noticed a floating eye
  2830 | D:3      | Noticed a golden eye
  2830 | D:3      | Noticed a shining eye
  3403 | D:4      | Noticed an ogre
  3412 | D:4      | Killed an ogre
  3413 | D:4      | Reached XP level 6. HP: 48/48 MP: 6/6
  3455 | D:4      | Found a sparkling altar of Nemelex Xobeh.
  3772 | D:4      | Reached * piety under Dithmenos
  3912 | D:4      | Found an iron altar of Okawaru.
  4023 | D:4      | Found a burning altar of Makhleb.
  4115 | D:5      | Entered Level 5 of the Dungeon
  4115 | D:5      | Noticed a water moccasin
  4165 | D:4      | Reached skill level 6 in Long Blades
  4539 | D:5      | Reached XP level 7. HP: 30/54 MP: 7/7
  4786 | D:5      | Identified the +3 long sword of Wopes {drain, rElec Str-2
                  | Dex+4}
  4868 | D:5      | Found a staircase to the Ecumenical Temple.
  4895 | D:5      | Found an ornate altar of the Wu Jian Council.
  5016 | D:5      | Reached skill level 7 in Long Blades
  5169 | D:5      | Found a white marble altar of Elyvilon.
  5291 | D:5      | Found a hide-covered altar of Uskayaw.
  5394 | D:6      | Noticed Edmund
  5406 | D:6      | Killed Edmund
  5407 | D:6      | Reached skill level 5 in Fighting
  5407 | D:6      | Identified the ring of the Sun {MP+9 Str+6 Int+4}
  5620 | D:5      | Reached XP level 8. HP: 62/62 MP: 8/8
  5840 | D:6      | Noticed a two-headed ogre
  5856 | D:6      | Killed a two-headed ogre
  5857 | D:6      | Reached skill level 9 in Long Blades
  6151 | D:6      | Reached XP level 9. HP: 62/71 MP: 9/9
  6200 | D:6      | Found a glowing golden altar of the Shining One.
  6884 | D:7      | Noticed an ogre mage
  6885 | D:7      | Noticed a wizard
  7002 | D:7      | Found a runed translucent gate.
  7002 | D:7      | Found a runed translucent gate.
  7002 | D:7      | Found a runed translucent gate.
  7005 | D:7      | Reached skill level 10 in Long Blades
  7047 | D:7      | Reached ** piety under Dithmenos
  7048 | D:7      | Found a basalt altar of Yredelemnul.
  7090 | D:7      | Found an opulent altar of Gozag.
  7093 | D:7      | Noticed Kazon's ghost (novice GrFi)
  7269 | D:7      | Noticed a skeletal warrior
  7306 | D:7      | Slain by a skeletal warrior

Illustrated notes

Levels and vault maps discovered:
D:1:      dpeg_arrival_rhombi, layout_loops_ring, serial_bayou,
          serial_bayou_ford_a, serial_bayou_pond_d, serial_bayou_crossing,
          serial_bayou_shore_a
D:2:      layout_basic, serial_co_window_serial, co_window_of_opportunity_a,
          co_window_cross_1, co_window_of_opportunity_a, co_window_corner_a,
          co_window_paths_a, co_window_broadway_c, co_window_of_opportunity_c,
          co_window_corner_cb, co_window_unsneaky_path_b, co_window_paths_c,
          co_window_broadway_a, co_window_cross_3, co_window_sun,
          glass_columns_a, glass_columns_b, glass_columns_b, glass_columns_a,
          basic_altar
D:3:      layout_basic, marbit_many_paths,
          hellmonk_ecumenical_altar_watching_god, kennysheep_generic_room_4
D:4:      layout_cave_pools, mainiacjoe_overflow_catch_the_wave,
          nemelex_xobeh_ov_fountains_minmay, nrook_mini_vaults
D:5:      layout_cave_pools, mainiacjoe_overflow_alcove_4, old_standard_altar,
          kennysheep_little_box, minmay_temple_entry_waves
D:6:      layout_basic, tso_metal_star, minmay_manual_moon, uniq_edmund
D:7:      minmay_the_grid_plus_closed [minmay_the_grid_eight,
          minmay_the_grid_dragon_b, minmay_the_grid_odd_star,
          minmay_the_grid_tri_star, minmay_the_grid_prize_diamond_cup],
          layout_rooms, lemuel_zombie_altar_yredelemnul, ebering_ghost_gozag,
          serial_shops, nicolae_lakefront_shop, enter_bailey_3

Skill      XL: |  1  2  3  4  5  6  7  8  9 |
---------------+----------------------------+-----
Long Blades    | 4 5 6 7 9 10 | 10.3
Fighting       | 3 4 5 6 7 |  7.2
Dodging        | 5 6 7 8 9 |  9.2
Throwing       | |  2.0

Action                   |  1- 3 |  4- 6 |  7- 9 || total
-------------------------+-------+-------+-------++-------
Melee: Long sword        |    90 |   174 |   213 ||   477
       Punch             |       |     2 |     3 ||     5
Throw: Throwing net      |       |     1 |     1 ||     2
  Use: Scroll            |       |     9 |     6 ||    15
       Potion            |       |       |     1 ||     1
 Stab: Sleeping          |       |     2 |     2 ||     4
       Held in net/web   |       |       |     3 ||     3
Armor: Leather armour    |    37 |    51 |    20 ||   108
Dodge: Dodged            |    61 |   155 |   187 ||   403
